 Dungeon Crawl Stone Soup version 0.31.0-7-gf635a9b802 (webtiles) character file.

Game seed: 5111635099376672911

6276 puppykicker the Grappler (level 10, 0/98 HPs)
             Began as a Troll Enchanter on Jan 23, 2024.
             Was a High Priest of Zin.
             Succumbed to orange demon's concentrated venom
             ... on level 7 of the Dungeon.
             The game lasted 00:22:26 (6696 turns).

puppykicker the Grappler (Troll Enchanter)          Turns: 6696, Time: 00:22:27

Health: 0/98       AC: 10    Str: 22    XL:     10   Next: 63%
Magic:  7/14       EV:  9    Int: 11    God:    Zin [*****.]
Gold:   641        SH:  0    Dex: 10    Spells: 3/11 levels left

rFire   . .          .
                       - Unarmed
rCold   . . .        (no shield)
rNeg    . . .        H - +0 troll leather armour {Pargi}
rPois   .            L - +0 hat {Stlth+}
rElec   .            j - +0 cloak
rCorr   .            (gloves unavailable)
SInv    .            (boots unavailable)
Will    +....        (no amulet)
Stlth   ++           b - +4 ring of protection
HPRegen 1.96/turn    A - ring of willpower
MPRegen 0.14/turn

%: no passive effects
@: lethally poisoned (0 -> -8), slowed, very slow
A: large, unfitting armour, claws 3, regeneration 1, shaggy fur 1, tough skin 1
a: Renounce Religion, Recite, Vitalisation, Imprison, Sanctuary, Donate Gold


You were on level 7 of the Dungeon.
You worshipped Zin.
Zin was extremely pleased with you.
You visited 2 branches of the dungeon, and saw 9 of its levels.
You also visited: Sewer and Ossuary.

You collected 712 gold pieces.
You donated 71 gold pieces to Zin.

Inventory:

Hand Weapons
 k - the +4 hammer of the Burning Goat {flame, rN+++ rCorr MP-9 Stlth+}
   (You found it on level 2 of the Dungeon)

   rN+++:     It renders you almost immune to negative energy.
   MP-9:      It affects your magic capacity (-9).
   rCorr:     It protects you from acid and corrosion.
   Stlth+:    It makes you more stealthy.
Missiles
 f - 4 javelins
 i - a curare-tipped dart
 u - 4 boomerangs (quivered)
 v - 20 poisoned darts
 F - 5 large rocks
Armour
 j - a +0 cloak (worn)
 H - a +0 troll leather armour (worn) {Pargi}
 J - +0 steam dragon scales
 L - a +0 hat of stealth (worn)
Jewellery
 b - a +4 ring of protection (left claw)
 A - a ring of willpower (right claw)
Wands
 h - a wand of flame (57)
 B - a wand of light (5)
 I - a wand of roots (14)
Scrolls
 d - 11 scrolls of identify {unknown}
 g - 8 scrolls of teleportation {unknown}
 n - 4 scrolls of enchant weapon {unknown}
 o - 4 scrolls of immolation {unknown}
 r - a scroll of fog {unknown}
 x - 3 scrolls of poison {unknown}
 z - a scroll of amnesia {unknown}
 D - a scroll of noise {unknown}
 K - 3 scrolls of revelation {unknown}
 M - a scroll of enchant armour {unknown}
Potions
 a - a potion of enlightenment {unknown}
 c - 3 potions of invisibility
 e - 2 potions of heal wounds {unknown}
 l - 4 potions of might {unknown}
 m - 2 potions of magic {unknown}
 p - 2 potions of cancellation {unknown}
 q - 2 potions of mutation {unknown}
 s - 2 potions of brilliance {unknown}
 t - a potion of lignification {unknown}
 w - a potion of attraction {unknown}
 y - 2 potions of berserk rage {unknown}
 C - a potion of resistance {unknown}
 E - 3 potions of curing {unknown}
 G - a potion of ambrosia {unknown}


   Skills:
 + Level 6.2 Fighting
 - Level 0.7 Short Blades
 + Level 5.0 Throwing
 - Level 1.5 Dodging
 - Level 1.5 Stealth
 * Level 10.7 Unarmed Combat
 - Level 1.2 Spellcasting
 - Level 2.0 Hexes
 + Level 6.8 Invocations


You had 3 spell levels left.
You knew the following spells:

 Your Spells              Type           Power      Damage    Failure   Level
a - Jinxbite              Hex            10%        N/A       24%         2
d - Tukima's Dance        Hex            5%         N/A       43%         3
g - Apportation           Tloc           0%         N/A       36%         1
r - Lesser Beckoning      Tloc           0%         N/A       50%         2

Your spell library contained the following spells:

 Spells                   Type           Power      Damage    Failure   Level
 Freeze                   Ice            0%         1d3       36%         1
 Magic Dart               Conj           0%         1d3       36%         1
 Ensorcelled Hibernation  Hex/Ice        4%         N/A       36%         2
 Confusing Touch          Hex            5%         N/A       43%         3
 Searing Ray              Conj           0%         2d4       50%         2
 Dazzling Flash           Conj/Hex       4%         N/A       58%         3
 Frozen Ramparts          Ice            0%         1d1       73%         3
 Gell's Gravitas          Tloc           0%         N/A       73%         3
 Hailstorm                Conj/Ice       0%         3d5       73%         3
 Teleport Other           Tloc           0%         N/A       73%         3
 Fulminant Prism          Conj/Alch      0%         3d5       98%         4
 Alistair's Intoxication  Alch           0%         N/A       100%        5
 Dispersal                Tloc           0%         N/A       100%        6


Dungeon Overview and Level Annotations

Branches:
Dungeon (8/15)             Temple (1/1) D:7           Sewer (visited)
Ossuary (visited)
   Lair: D:8-11

Altars:
Ashenzari
Dithmenos
Elyvilon
Gozag
Hepliaklqana
Kikubaaqudgha
Makhleb
Nemelex Xobeh
Okawaru
Qazlal
Ru
Sif Muna
Trog
Uskayaw
Vehumet
Xom
Yredelemnul
Zin

Shops:
D:7 =

Annotations:
D:7 Amaemon


Innate Abilities, Weirdness & Mutations

You are too large for most types of armour.
You have claws for hands.
Your natural rate of healing is unusually fast.
You are covered in fur. (AC +1)
You have tough skin. (AC +1)


Message History

You take 7 damage, and have 73/98 hp.
You closely miss Amaemon.
Amaemon is moderately wounded.
You feel very sick.
Amaemon hits you with a -1 demon whip of venom!
You are more poisoned.
Amaemon barely misses you. Amaemon tail-slaps you.
You take 15 damage, and have 58/98 hp.
You closely miss Amaemon.
Amaemon is moderately wounded.
You feel very sick. The orange demon stings you from afar!
* * * LOW HITPOINT WARNING * * *
You are more poisoned.
You have difficulty breathing.
* * * LOW HITPOINT WARNING * * *
You feel yourself slow down.
You take 19 damage, and have 39/98 hp.
* * * LOW HITPOINT WARNING * * *
You feel extremely sick. Amaemon hits you but does no damage.
Amaemon claws you but does no damage.
Amaemon tail-slaps you but does no damage.
The orange demon stings you but does no damage.
Amaemon barely misses you. x2
Amaemon tail-slaps you but does no damage.
The orange demon stings you from afar.
* * * LOW HITPOINT WARNING * * *
You climb upwards.
* * * LOW HITPOINT WARNING * * *
You feel extremely sick.
There is a stone staircase leading down here.
You take 34 damage, and have 5/98 hp.
MASSIVE DAMAGE!!
Okay, then.
Activating: Sanctuary (41% risk of failure)
Press: ? - help, Dir - look around, f - activate You hear a choir sing!
Amaemon turns to flee the light!
Zin will no longer cleanse your potions of mutation.
You die...

#.# #<# #.# #.#
#.# #.#
############.#####
#....)............
#@6...............
#.##.####.##.##.##
#.##.####.##.##.#.
#.##.......#.##.#.
#.#######..#.##...
#.#...# #..#.###.#
#.#.#.###..#.##..#
#.#.#......#.##.##
#.#.######.#.#..#.


You could see Amaemon (fleeing).

Levels and vault maps discovered:
D:1:      dpeg_arrival_central, layout_basic,
          hellmonk_ecumenical_altar_lost_god, minmay_pentomino_z4
D:2:      layout_rooms, uniq_robin, uniq_crazy_yiuf_cottage, uniq_terence,
          uniq_natasha
D:3:      gammafunk_steamed_eel, layout_loops_ring, amcnicky_altar_gilded,
          uniq_sigmund, uniq_jessica
D:4:      layout_basic, nicolae_ossuary_entry_ruins, serial_park_tiny_2,
          uniq_eustachio
D:5:      layout_loops_ring, minitemple, hangedman_decor_opposing,
          kb_lookout_dungeons_type
D:6:      layout_gridville, gup_sewer_entry_pipe,
          chequers_serial_rivers_micro_e, minmay_circle_x, uniq_maggie,
          uniq_grinder, uniq_edmund, uniq_pikel
D:7:      layout_basic, nicolae_elyvilon_peaceful_grove,
          minmay_temple_entry_slanted, serial_shops, shop,
          minmay_shattered_shrine
D:8:      layout_loops_ring, nicolae_wu_jian_wuxing_cycle, serial_shops,
          nicolae_shop_back_alley_shop, jiyva_altar_1, uniq_amaemon,
          uniq_gastronok
Temple:   nicolae_temple_figure_eight

Notes
Turn   | Place    | Note
-------+----------+-------------------------------------------
     0 | D:1      | puppykicker the Troll Enchanter began the quest for the
                  | Orb.
     0 | D:1      | Reached XP level 1. HP: 16/16 MP: 1/1
    53 | D:1      | Found a faded altar of an unknown god.
    66 | D:1      | Prayed at the altar of an unknown god.
    66 | D:1      | Became a worshipper of Zin the Law-Giver
    66 | D:1      | Reached * piety under Zin
   100 | D:1      | Identified a +0 club
   108 | D:1      | Reached skill level 1 in Unarmed Combat
   108 | D:1      | Identified a +0 short sword
   116 | D:1      | Reached XP level 2. HP: 23/26 MP: 2/2
   142 | D:1      | Reached ** piety under Zin
   207 | D:1      | Identified a +0 club
   256 | D:1      | Identified a +0 dagger
   293 | D:1      | Identified a +0 dagger
   920 | D:1      | Identified a +0 short sword
  1021 | D:2      | Identified a +0 club
  1021 | D:2      | Identified a +0 dagger
  1021 | D:2      | Identified a +0 club
  1022 | D:2      | Identified a +0 dagger
  1022 | D:2      | Identified a +0 dagger
  1022 | D:2      | Identified a +0 spear of venom
  1022 | D:2      | Identified a +0 animal skin
  1022 | D:2      | Identified a +2 helmet
  1022 | D:2      | Noticed Robin
  1022 | D:2      | Identified a +0 dagger
  1023 | D:2      | Identified a +0 club
  1057 | D:2      | HP: 6/26 [goblin/+0 club[Robin] (4)]
  1063 | D:2      | HP: 3/26 [hobgoblin[Robin] (3)]
  1064 | D:2      | Identified a +0 dagger
  1069 | D:2      | HP: 6/26 [Robin/goblin (3)]
  1076 | D:2      | HP: 3/26 [hobgoblin (4)]
  1082 | D:2      | HP: 2/26 [hobgoblin[Robin] (5)]
  1087 | D:2      | HP: 6/26 [Robin/goblin (1)]
  1106 | D:2      | Reached XP level 3. HP: 22/32 MP: 3/3
  1109 | D:2      | Reached skill level 2 in Unarmed Combat
  1122 | D:2      | Reached skill level 1 in Fighting
  1128 | D:2      | Killed Robin
  1129 | D:2      | Reached skill level 1 in Invocations
  1160 | D:2      | Identified a +0 club
  1167 | D:2      | Identified a +0 club
  1193 | D:2      | Identified a +4 ring of protection
  1200 | D:2      | Identified a +0 dagger
  1238 | D:2      | Noticed Natasha
  1245 | D:2      | Identified a +0 spear
  1246 | D:2      | Killed Natasha
  1247 | D:2      | Reached XP level 4. HP: 41/41 MP: 4/4
  1284 | D:2      | Identified a +2 heavy hand axe
  1284 | D:2      | Identified a +0 scale mail
  1284 | D:2      | Noticed Terence
  1308 | D:2      | Killed Terence
  1309 | D:2      | Reached skill level 3 in Unarmed Combat
  1322 | D:2      | Reached *** piety under Zin
  1334 | D:2      | Found a runed translucent door.
  1335 | D:2      | Identified a +2 quarterstaff of chaos
  1335 | D:2      | Identified a +0 cloak
  1335 | D:2      | Noticed Crazy Yiuf
  1348 | D:2      | Killed Crazy Yiuf
  1349 | D:2      | Reached XP level 5. HP: 42/49 MP: 2/5
  1361 | D:2      | Identified the +4 hammer of the Burning Goat {flame, rN+++
                  | rCorr MP-9 Stlth+}
  1499 | D:2      | Noticed Natasha
  1512 | D:2      | Identified a +1 spear
  1512 | D:2      | Killed Natasha
  1590 | D:3      | Reached skill level 2 in Invocations
  1731 | D:3      | Found a glowing silver altar of Zin.
  1734 | D:3      | Identified a +0 dagger
  1734 | D:3      | Identified a +0 robe
  1734 | D:3      | Noticed Jessica
  1744 | D:3      | Killed Jessica
  1745 | D:3      | Reached skill level 2 in Fighting
  1764 | D:3      | Reached **** piety under Zin
  1811 | D:3      | Identified a +0 ring mail
  1820 | D:3      | Identified a +0 whip
  1891 | D:3      | Identified a +0 scythe
  1891 | D:3      | Identified a +0 robe
  1891 | D:3      | Noticed Sigmund
  1915 | D:3      | Killed Sigmund
  1916 | D:3      | Reached skill level 4 in Unarmed Combat
  1916 | D:3      | Reached XP level 6. HP: 29/59 MP: 5/7
  1929 | D:3      | Identified a +0 shortbow
  2002 | D:3      | Identified a +0 spear
  2089 | D:3      | Found a transporter.
  2095 | D:3      | Found a transporter.
  2328 | D:3      | Reached skill level 5 in Unarmed Combat
  2328 | D:3      | Reached skill level 3 in Invocations
  2367 | D:3      | Reached XP level 7. HP: 62/66 MP: 8/8
  2383 | D:3      | Identified a +0 whip
  2409 | D:4      | Identified a +0 whip
  2435 | D:4      | Reached ***** piety under Zin
  2478 | D:4      | Identified a +0 whip
  2521 | D:4      | Identified a +4 rapier of draining
  2521 | D:4      | Identified a +0 leather armour
  2521 | D:4      | Noticed Eustachio
  2544 | D:4      | Killed Eustachio
  2545 | D:4      | Reached skill level 3 in Fighting
  2579 | D:4      | Identified a +0 mace
  2579 | D:4      | Identified a +0 club
  2579 | D:4      | Identified a +0 leather armour
  2580 | D:4      | Identified a +0 dagger
  2580 | D:4      | Identified a +0 leather armour
  2581 | D:4      | Identified a +0 club
  2618 | D:4      | Found a sand-covered staircase.
  2626 | Ossuary  | Entered an ossuary
  2673 | Ossuary  | Reached skill level 6 in Unarmed Combat
  2742 | Ossuary  | Reached skill level 4 in Invocations
  2742 | Ossuary  | Reached XP level 8. HP: 76/76 MP: 8/10
  2933 | D:4      | Identified a +0 dagger
  2963 | D:4      | Identified a +0 trident
  2963 | D:4      | Identified a +0 ring mail
  3021 | D:4      | Identified a +0 dagger
  3057 | D:4      | Identified a +0 short sword
  3113 | D:4      | Identified a ring of willpower
  3174 | D:4      | Identified a +0 ring mail
  3224 | D:4      | Identified a +0 chain mail
  3412 | D:4      | Identified a +0 mace
  3496 | D:5      | Entered Level 5 of the Dungeon
  3525 | D:5      | Identified a +0 orcbow
  3527 | D:5      | Identified a +0 orcbow
  3542 | D:5      | Reached skill level 7 in Unarmed Combat
  3599 | D:5      | Reached skill level 4 in Fighting
  3744 | D:5      | Identified a +0 robe
  3764 | D:5      | Found an opulent altar of Gozag.
  3765 | D:5      | Found a broken altar of Ashenzari.
  3765 | D:5      | Found an ancient bone altar of Kikubaaqudgha.
  3971 | D:5      | Identified a +0 sling
  4033 | D:5      | You fall into a shaft and drop 1 floor!
  4181 | D:5      | Identified a +0 leather armour
  4237 | D:5      | Reached skill level 1 in Throwing
  4407 | D:6      | Identified a +0 dagger
  4510 | D:6      | Found a glowing drain.
  4524 | Sewer    | Entered a sewer
  4526 | Sewer    | Identified a +0 whip
  4527 | Sewer    | Identified a +0 club
  4528 | Sewer    | Identified a +0 short sword
  4546 | Sewer    | Identified a +0 short sword
  4573 | Sewer    | Identified a +0 short sword of venom
  4611 | Sewer    | Noticed Pargi
  4617 | Sewer    | Killed Pargi
  4617 | Sewer    | Identified a +0 troll leather armour {Pargi}
  4664 | Sewer    | Identified a +0 short sword
  4763 | D:6      | Identified a +0 halberd
  4763 | D:6      | Identified +0 steam dragon scales
  4763 | D:6      | Noticed Maggie
  4777 | D:6      | Killed Maggie
  4778 | D:6      | Reached skill level 2 in Throwing
  4778 | D:6      | Reached skill level 8 in Unarmed Combat
  4778 | D:6      | Reached skill level 5 in Invocations
  4778 | D:6      | Reached XP level 9. HP: 34/85 MP: 11/11
  4810 | D:6      | Identified a +2 whip of flaming
  4810 | D:6      | Identified a +0 robe
  4810 | D:6      | Noticed Pikel
  4853 | D:6      | Identified the +3 scale mail of the Beastly God {rN+ MP+9}
  4854 | D:6      | Identified a +1 heavy flail
  4854 | D:6      | Identified a +0 leather armour
  4854 | D:6      | Noticed Edmund
  4859 | D:6      | Noticed Grinder
  4872 | D:5      | Killed Edmund
  4959 | D:6      | Killed Pikel
  4963 | D:6      | Killed Grinder
  4964 | D:6      | Reached skill level 5 in Fighting
  4964 | D:6      | Reached skill level 3 in Throwing
  5047 | D:6      | Identified a +0 whip
  5055 | D:6      | Reached skill level 9 in Unarmed Combat
  5072 | D:6      | Identified a +0 leather armour
  5073 | D:6      | Identified a +0 pair of boots
  5107 | D:6      | Identified a +0 ring mail
  5148 | D:6      | Identified a +0 hand axe
  5202 | D:6      | Reached ****** piety under Zin
  5213 | D:6      | Identified a +0 orcbow
  5242 | D:6      | Identified a +0 rapier
  5304 | D:6      | Learned a level 1 spell: Apportation
  5308 | D:6      | Learned a level 3 spell: Tukima's Dance
  5311 | D:6      | Learned a level 2 spell: Jinxbite
  5314 | D:6      | Learned a level 2 spell: Lesser Beckoning
  5388 | D:6      | Identified a +0 ring mail
  5630 | D:7      | Identified a +4 spear of flaming
  5630 | D:7      | Identified a +2 ring mail of positive energy
  5630 | D:7      | Identified a +0 buckler
  5643 | D:7      | Reached skill level 6 in Invocations
  5652 | D:7      | Identified a +0 shortbow
  5687 | D:7      | Identified a +0 scale mail
  5693 | D:7      | Reached XP level 10. HP: 96/96 MP: 13/13
  5712 | D:7      | Identified a +0 mace
  5712 | D:7      | Noticed a gargoyle
  5730 | D:7      | Reached skill level 4 in Throwing
  5737 | D:7      | Killed a gargoyle
  5818 | D:7      | Identified a +3 great sword
  5818 | D:7      | Identified a +0 robe
  5840 | D:7      | Identified a +0 dagger
  5870 | D:7      | Found a staircase to the Ecumenical Temple.
  5880 | D:7      | Identified a +0 orcbow
  5882 | Temple   | Entered the Ecumenical Temple
  5885 | D:7      | Identified a +0 sling
  5892 | D:7      | Reached skill level 10 in Unarmed Combat
  5974 | D:7      | Identified a +0 ring mail
  6067 | D:7      | Found a white marble altar of Elyvilon.
  6095 | D:7      | Identified a +0 dagger
  6095 | D:7      | Identified a +0 robe
  6095 | D:7      | Identified a +0 club
  6098 | D:7      | Identified a +0 club
  6100 | D:7      | Identified a +0 flail
  6103 | D:7      | Identified a +0 club
  6103 | D:7      | Identified a +0 leather armour
  6128 | D:7      | Found Sochy Lulo's Jewellery Shoppe.
  6417 | D:7      | Identified a +0 shortbow
  6588 | D:8      | Identified a +0 hand axe
  6588 | D:8      | Identified a +0 ring mail
  6588 | D:8      | Identified a +0 dagger
  6588 | D:8      | Identified a +0 robe
  6589 | D:8      | Identified a +0 hand axe
  6591 | D:8      | Identified a +0 hat of stealth
  6591 | D:8      | Noticed Gastronok
  6618 | D:8      | Killed Gastronok
  6619 | D:8      | Reached skill level 6 in Fighting
  6619 | D:8      | Reached skill level 5 in Throwing
  6679 | D:8      | Identified a -1 demon whip of venom
  6679 | D:8      | Noticed Amaemon
  6688 | D:8      | Noticed an orange demon
  6694 | D:8      | HP: 24/98 [poisoned by orange demon (concentrated venom)]
  6695 | D:7      | HP: 5/98 [poisoned by orange demon (concentrated venom)]
  6696 | D:7      | Succumbed to orange demon's concentrated venom

Table legend: (Time is in decaauts)
 A = Elapsed time spent in this place.
 B = Non-inter-level travel time spent in this place.
 C = Inter-level travel time spent in this place.
 D = Time resting spent in this place.
 E = Time spent auto-exploring this place.
 F = Levels seen in this place.
 G = Mean time per level.
                   A        B        C        D        E       F      G
               +--------+--------+--------+--------+--------+-----+--------+
         Total |   6617 |   6432 |    185 |    222 |   4416 |  11 |  601.5 |
       Dungeon |   6190 |   6005 |    185 |    213 |   4240 |   8 |  773.8 |
        Temple |      1 |      1 |      0 |      0 |      0 |   1 |    1.0 |
         Sewer |    182 |    182 |      0 |      9 |     86 |   1 |  182.0 |
       Ossuary |    242 |    242 |      0 |      0 |     90 |   1 |  242.0 |
               +--------+--------+--------+--------+--------+-----+--------+

Top non-repeatable levels by time:
     D:7: 1016 daAuts
     D:1: 1004 daAuts
     D:5: 932 daAuts
     D:6: 913 daAuts
     D:4: 829 daAuts
     D:3: 820 daAuts
     D:2: 558 daAuts
 Ossuary: 242 daAuts
   Sewer: 182 daAuts
     D:8: 115 daAuts
  Temple: 1 daAuts

Table legend:
 A = Kills in this place as a percentage of kills in the entire game.
 B = Kills by you in this place as a percentage of kills by you in the entire game.
 C = Kills by friends in this place as a percentage of kills by friends in the entire game.
 D = Other kills in this place as a percentage of other kills in the entire game.
 E = Experience gained in this place as a percentage of experience gained in the entire game.
 F = Experience gained in this place divided by the number of levels of this place that you have seen.
                   A       B       C       D       E      F
               +-------+-------+-------+-------+-------+----------------------
         Total | 100.0 | 100.0 |   N/A |   N/A | 100.0 | 815.1
       Dungeon |  85.5 |  85.5 |   N/A |   N/A |  90.3 | 1012.0
         Sewer |   5.6 |   5.6 |   N/A |   N/A |   3.8 | 343.0
       Ossuary |   8.9 |   8.9 |   N/A |   N/A |   5.9 | 527.0
               +-------+-------+-------+-------+-------+----------------------

Skill      XL: |  1  2  3  4  5  6  7  8  9 10 |
---------------+-------------------------------+-----
Unarmed Combat | 1 2 3 4 5 6 8 9 10 | 10.7
Fighting       | 1 2 3 4 5 6 |  6.2
Invocations    | 1 2 3 4 5 6 |  6.8
Throwing       | 2 3 5 |  5.0
Short Blades   | |  0.7
Dodging        | |  1.5
Stealth        | |  1.5
Spellcasting   | |  1.2
Hexes          | |  2.0

Action                     |  1- 3 |  4- 6 |  7- 9 | 10-12 || total
---------------------------+-------+-------+-------+-------++-------
  Melee: Unarmed           |    94 |    88 |   379 |    82 ||   643
         Punch             |     1 |       |    19 |     6 ||    26
  Throw: Dart              |       |       |     2 |       ||     2
         Boomerang         |       |       |    20 |       ||    20
 Invoke: Vitalisation      |     1 |     1 |       |       ||     2
         Recite            |       |     1 |       |       ||     1
         Sanctuary         |       |       |       |     1 ||     1
  Evoke: Wand              |     1 |     3 |     2 |       ||     6
   Stab: Sleeping          |     2 |     1 |     2 |       ||     5
 Armour: Robe              |    83 |       |       |       ||    83
         Animal skin       |    16 |   108 |   269 |       ||   393
         Troll leather arm |       |       |    80 |    73 ||   153
  Dodge: Dodged            |    59 |    38 |   196 |    42 ||   335

Vanquished Creatures
  Gastronok (D:8)
  Pikel (D:6)
  A gargoyle (D:7)
  Maggie (D:6)
  Grinder (D:6)
  Sigmund (D:3)
  A wraith (D:7)
  Eustachio (D:4)
  A vampire mosquito (D:7)
  Edmund (D:5)
  4 water moccasins (D:7)
  Pargi (Sewer)
  An ice beast (D:6)
  2 black bears
  3 sky beasts
  A phantom (D:7)
  7 centaurs
  3 lemures (D:6)
  3 kobold brigands
  2 bullfrogs
  A gnoll sergeant (D:7)
  4 elf zombies (Ossuary)
  A wight (D:7)
  2 howler monkeys (D:7)
  3 electric eels (D:3)
  3 hounds
  An orc priest (D:7)
  Crazy Yiuf (D:2)
  A human zombie (Ossuary)
  A jelly (D:5)
  Jessica (D:3)
  3 iguanas
  2 orc wizards
  A sleepcap (D:7)
  Terence (D:2)
  Natasha (twice) (D:2)
  A hound zombie (Ossuary)
  4 mummies (Ossuary)
  Robin (D:2)
  13 adders
  3 white imps
  2 ufetubi (D:5)
  A ribbon worm (D:4)
  11 orcs
  2 bats (D:1)
  10 endoplasms
  4 giant cockroaches
  13 goblins
  8 hobgoblins
  8 jackals
  11 kobolds
  8 quokkas
  3 ball pythons
  2 frilled lizards
  A hobgoblin zombie (Ossuary)
  3 jackal zombies (Ossuary)
  A kobold zombie (Ossuary)
  An orc zombie (Ossuary)
  6 rats
182 creatures vanquished.
